 Dungeon Crawl Stone Soup version 0.28-a0-1312-g71652a0310 (webtiles) character file.

Game seed: 1353824896357699969

494 Skeral the Insei (level 7, -1/46 HPs)
             Began as an Octopode Transmuter on Dec 27, 2021.
             Slain by a black bear (4 damage)
             ... on level 5 of the Dungeon.
             The game lasted 00:19:47 (5739 turns).

Skeral the Insei (Octopode Transmuter)              Turns: 5739, Time: 00:19:48

Health: -1/46      AC:  1    Str: 10    XL:     7   Next: 15%
Magic:  11/11      EV: 13    Int: 23    God:
Gold:   259        SH:  0    Dex: 12    Spells: 5/12 levels left

rFire   + . .      SeeInvis .   e - +1 dagger (speed)
rCold   . . .      Faith    .   (no shield)
rNeg    + + .      Spirit   .   (helmet currently unavailable)
rPois   +          Reflect  .   (no amulet)
rElec   .          Harm     .   (no ring)
rCorr   +          Rampage  .   g - +6 ring of intelligence
Will    .....                   j - ring "Weymaysk" {Drain rPois rF+ rN++ rCorr}
Stlth   +++.......              (no ring)
HPRegen 0.15/turn               (no ring)
MPRegen 0.12/turn               (no ring)
                                (no ring)
                                (no ring)

@: appendages
A: tentacle spike 3, almost no armour, amphibious, 8 rings, camouflage 1,
gelatinous body 1, (nimble swimmer 1), tentacles
a: End Transformation


You were on level 5 of the Dungeon.
One of your tentacles had grown a beastly spike.
You visited 1 branch of the dungeon, and saw 5 of its levels.

You collected 259 gold pieces.


Innate Abilities, Weirdness & Mutations

One of your tentacles has grown a beastly spike.
You cannot wear most types of armour.
You are amphibious.
You can wear up to eight rings at the same time.
Your skin changes colour to match your surroundings (Stealth+).
Your rubbery body absorbs attacks. (AC +1, EV +1)
((You are camouflaged when in or above water. (Stealth+)))
You have tentacles for arms and can constrict up to eight enemies at once.


   Skills:
 + Level 3.3 Fighting
 - Level 0.1 Throwing
 - Level 2.1 Dodging
 - Level 2.0 Stealth
 - Level 4.3 Unarmed Combat
 - Level 3.0 Spellcasting
 + Level 3.9 Transmutations
 + Level 2.8 Ice Magic
 + Level 0.0 Poison Magic


You had 5 spell levels left.
You knew the following spells:

 Your Spells              Type           Power      Damage    Failure   Level
b - Beastly Appendage     Tmut           42%        N/A       2%          1
i - Ice Form              Ice/Tmut       19%        N/A       28%         4
w - Wereblood             Tmut           21%        N/A       3%          2

Your spell library contained the following spells:

 Spells                   Type           Power      Damage    Failure   Level
 Sting                    Tmut/Pois      48%        1d5       5%          1
 Animate Skeleton         Necr           6%         N/A       12%         1
 Apportation              Tloc           6%         N/A       12%         1
 Summon Small Mammal      Summ           12%        N/A       12%         1
 Spider Form              Tmut/Pois      12%        N/A       16%         3
 Poisonous Vapours        Pois/Air       6%         N/A       17%         2
 Olgreb's Toxic Radiance  Pois           3%         N/A       75%         4

Inventory:

Hand Weapons
 e - a +1 dagger of speed (weapon)
   (You took it off a goblin on level 2 of the Dungeon)
Missiles
 f - 3 boomerangs (quivered)
Armour
 p - a +0 hat (melded)
   (You found it on level 5 of the Dungeon)
Jewellery
 g - a +6 ring of intelligence (right tentacle)
   (You found it on level 2 of the Dungeon)
 j - the ring "Weymaysk" (on tentacle) {Drain rPois rF+ rN++ rCorr}
   (You found it on level 3 of the Dungeon)

   [ring of protection from fire]

   rF:        It protects you from fire.
   rPois:     It protects you from poison.
   rN:        It greatly protects you from negative energy.
   rCorr:     It protects you from acid and corrosion.
   Drain:     It drains your maximum health when unequipped.
Wands
 q - a wand of paralysis (6)
   (You found it on level 5 of the Dungeon)
Scrolls
 b - a scroll of teleportation {@r4}
 c - a scroll of blinking {!r}
 i - 2 scrolls of identify {unknown}
 l - a scroll of torment {unknown}
 m - a scroll of acquirement {unknown}
Potions
 a - a potion of magic {unknown}
 d - a potion of attraction {unknown}
 h - a potion of brilliance {unknown}
 k - 2 potions of flight {unknown}
 n - a potion of resistance {unknown}
 o - a potion of degeneration {unknown}

Dungeon Overview and Level Annotations

Branches:
Dungeon (5/15)
 Temple: D:4-7

Altars:

Annotations:
D:3 2 transporters, Grinder; pigah's ghost, amateur OpWn

... #.# #.# ###+#
#### #.# #.... ..#
#.# # #.#.# #.# #.#
..# #.#.####.# #.#
#...#......#.####h#
........#......@.#
#......#.######
#.#.####.#
#.#.####.#
#........#
###.###### #.#
#######.# ........#


You could see a black bear.


Message History

The centaur skeleton kicks you. 😕 HP[-3] MP[-1]
You take 3 damage, and now have 43/46 hp.
You lost 1 mp, and now have 10/11 mp.
You hit the centaur skeleton.
You pierce the centaur skeleton.
You squeeze the centaur skeleton. 😕 HP[+1]
You hit the centaur skeleton. You tentacle-slap the centaur skeleton.
The centaur skeleton hits you but does no damage.
The centaur skeleton barely misses you.
You hit the centaur skeleton but do no damage.
The centaur skeleton hits you.
The centaur skeleton kicks you but does no damage. 😕 HP[-3]
You take 3 damage, and now have 41/46 hp.
You hit the centaur skeleton. The centaur skeleton misses you.
The centaur skeleton kicks you. 😕 HP[-1]
You take 1 damage, and now have 40/46 hp.
You hit the centaur skeleton.
You pierce the centaur skeleton.
You squeeze the centaur skeleton.
The centaur skeleton barely misses you. x2
You hit the centaur skeleton but do no damage.
The centaur skeleton hits you.
The centaur skeleton barely misses you. 😕 HP[-2]
You take 2 damage, and now have 38/46 hp.
You hit the centaur skeleton.
You destroy the centaur skeleton! 😕 HP[+1] MP[+1]
Your mp is fully restored (11).
Your transformation is almost over.
You pick up a Young Poisoner's Handbook and begin reading...
You add the spells Sting, Poisonous Vapours and Olgreb's Toxic Radiance to your library. 😕 HP[+1]
Okay, then.
A black bear comes into view. 😕 HP[+1] Throw: 3 boomerangs
Press: ? - help, Q - select action, (/) - cycle Shift-Dir - straight line, f - black bear
Aim: a black bear (asleep, 98% to hit)
You throw a boomerang.
The boomerang hits the black bear but does no damage.
The black bear growls angrily.
Your tentacle spike disappears.
Your +0 hat unmelds from your body.
Throw: 3 boomerangs
Press: ? - help, Q - select action, (/) - cycle Shift-Dir - straight line, f/p - black bear
Aim: a black bear (65% to hit)
You throw a boomerang. The boomerang hits the black bear.
Casting: Beastly Appendage (safe; 2% risk of failure)
Confirm with . or Enter, or press ? or * to list all spells.
One of your tentacles grows a vicious spike.
Your +0 hat melds into your body. 😕 MP[-1]
You lost 1 mp, and now have 10/11 mp.
Press: ? - help, v - describe, . - travel
Here: a black bear (lightly wounded)
The floor.
Aiming: Paralyse
Press: ? - help, Shift-Dir - straight line, f/p - black bear
Aim: a black bear (lightly wounded, chance to affect: 49%)
The black bear resists with some effort.
The black bear bites you. The black bear claws you. x2 😮 HP[-14]
You take 14 damage, and now have 27/46 hp.
MASSIVE DAMAGE!! (PAUSE)
Aiming: Paralyse
Press: ? - help, Shift-Dir - straight line, f/p - black bear
Aim: a black bear (lightly wounded, chance to affect: 49%)
The black bear resists with some effort.
The black bear barely misses you. x2; The black bear claws you.
Aiming: Paralyse
Press: ? - help, Shift-Dir - straight line, f/p - black bear
Aim: a black bear (lightly wounded, chance to affect: 49%)
The black bear resists with some effort.
The black bear misses you. The black bear claws you. x2
* * * LOW HITPOINT WARNING * * *
😨 HP[-6]
You take 6 damage, and now have 21/46 hp.
Aiming: Paralyse
Press: ? - help, Shift-Dir - straight line, f/p - black bear
Aim: a black bear (lightly wounded, chance to affect: 49%)
The black bear resists with some effort.
The black bear bites you.
* * * LOW HITPOINT WARNING * * *
The black bear barely misses you. The black bear claws you.
* * * LOW HITPOINT WARNING * * *
😱 HP[-10]
You take 10 damage, and now have 11/46 hp.
MASSIVE DAMAGE!! (PAUSE)
Okay, then. 😱 MP[+1]
Your mp is fully restored (11).
Aiming: Paralyse
Press: ? - help, Shift-Dir - straight line, f/p - black bear
Aim: a black bear (lightly wounded, chance to affect: 49%)
The black bear resists with some effort.
The black bear bites you!
* * * LOW HITPOINT WARNING * * *
The black bear closely misses you. The black bear claws you.
You die...

Skill      XL: |  1  2  3  4  5  6 |
---------------+-------------------+-----
Stealth        | 1 2 |  2.0
Unarmed Combat | 4 |  4.3
Fighting       | 2 3 |  3.3
Ice Magic      | 1 2 |  2.8
Spellcasting   | 3 |  3.0
Transmutations | 3 |  3.9
Throwing       | |  0.1
Dodging        | |  2.1

Action                   |  1- 3 |  4- 6 |  7- 9 || total
-------------------------+-------+-------+-------++-------
Melee: Unarmed           |    89 |    30 |       ||   119
       Constrict         |    18 |    28 |       ||    46
       Punch             |     1 |     5 |     1 ||     7
       Tentacles         |     9 |    15 |     2 ||    26
       Dagger            |       |   106 |     7 ||   113
       Kick              |       |    15 |     2 ||    17
Throw: Boomerang         |       |    21 |     2 ||    23
 Cast: Beastly Appendage |     1 |    14 |     2 ||    17
Evoke: Wand              |       |     2 |     5 ||     7
  Use: Scroll            |       |     3 |       ||     3
       Potion            |       |     2 |       ||     2
 Stab: Sleeping          |     3 |     8 |       ||    11
       Paralysed         |       |     4 |       ||     4
Armor: Skin              |     5 |     8 |     2 ||    15
Dodge: Dodged            |    56 |    58 |    10 ||   124

Levels and vault maps discovered:
D:1:      minmay_arrival_loop, layout_rooms, chequers_serial_rivers_small_a
D:2:      layout_basic, uniq_crazy_yiuf_cottage
D:3:      layout_loops_corners, serial_shops, shop_fountains,
          gammafunk_ghost_smash, uniq_grinder
D:4:      layout_layer_cave, minmay_misc_feat_encased, minmay_misc_feat_roman
D:5:      layout_loops_corners

Notes
Turn   | Place    | Note
-------+----------+-------------------------------------------
     0 | D:1      | Skeral the Octopode Transmuter began the quest for the Orb.
     0 | D:1      | Reached XP level 1. HP: 13/13 MP: 3/3
    69 | D:1      | Reached XP level 2. HP: 2/18 MP: 5/5
   907 | D:1      | Reached XP level 3. HP: 22/23 MP: 6/6
  1471 | D:2      | Reached skill level 1 in Stealth
  1471 | D:2      | Reached skill level 4 in Unarmed Combat
  1524 | D:2      | Learned a level 2 spell: Wereblood
  1692 | D:2      | Reached XP level 4. HP: 23/28 MP: 7/7
  1928 | D:2      | magus.rc [v1.10.3]
  2422 | D:2      | Reached skill level 2 in Stealth
  2495 | D:2      | magus.rc [v1.10.3]
  2576 | D:3      | Identified the ring "Weymaysk" {Drain rPois rF+ rN++ rCorr}
  2656 | D:3      | Learned a level 4 spell: Ice Form
  2748 | D:3      | Reached XP level 5. HP: 15/33 MP: 8/8
  3350 | D:3      | Noticed Grinder
  3394 | D:3      | Paralysed by something for 5 turns
  3475 | D:3      | Noticed an ogre
  3476 | D:3      | Found a transporter.
  3476 | D:3      | Identified the +7 great mace "Skeral's Doom" {freeze, *Rage
                  | Int+3 Dex+4}
  3476 | D:3      | Noticed an ogre
  3476 | D:3      | Noticed pigah's ghost (amateur OpWn)
  3477 | D:3      | Found a transporter.
  3790 | D:4      | Reached skill level 2 in Fighting
  3790 | D:4      | Reached skill level 1 in Ice Magic
  3906 | D:4      | You pick up a book of Cantrips and begin reading...
  3906 | D:4      | You add the spells Animate Skeleton, Summon Small Mammal
                  | and Apportation to your library.
  4041 | D:4      | Reached skill level 3 in Spellcasting
  4041 | D:4      | Reached skill level 3 in Transmutations
  4041 | D:4      | Reached XP level 6. HP: 36/39 MP: 10/10
  4375 | D:5      | Entered Level 5 of the Dungeon
  4637 | D:5      | Reached skill level 2 in Ice Magic
  4660 | D:5      | HP: 10/41 [iguana (4)]
  5591 | D:5      | Reached skill level 3 in Fighting
  5591 | D:5      | Reached XP level 7. HP: 46/46 MP: 11/11
  5720 | D:5      | You add the spells Sting, Poisonous Vapours and Olgreb's
                  | Toxic Radiance to your library.
  5735 | D:5      | HP: 11/46 [black bear (4)]
  5739 | D:5      | HP: 3/46 [black bear (8)]
  5739 | D:5      | Slain by a black bear

Vanquished Creatures
  An ogre (D:5)
  A water moccasin skeleton (D:4)
  A howler monkey (D:5)
  A bullfrog zombie (D:5)
  3 hounds
  A centaur skeleton (D:5)
  An iguana (D:5)
  A hound skeleton (D:4)
  4 adders (D:2)
  An ufetubus (D:5)
  2 adder skeletons
  6 dart slugs
  2 orcs
  10 ball pythons
  7 endoplasms
  A giant cockroach (D:4)
  10 goblins
  4 hobgoblins
  4 jackals (D:1)
  5 kobolds
  3 quokkas
  A bat (D:1)
  3 frilled lizards
  2 rats (D:1)
75 creatures vanquished.

Table legend:
 A = Non-vault XP
 B = Vault XP
 C = Vault XP percentage of total XP
 D = Non-vault monster count
 E = Vault monster count
 F = Vault count percentage of total count
                 A         B        C        D         E       F
            +---------+---------+-------+---------+---------+-------
      Total |     707 |       0 |   0.0 |      75 |       0 |   0.0
            +---------+---------+-------+---------+---------+-------
        D:1 |      61 |       0 |   0.0 |      31 |       0 |   0.0
        D:2 |      74 |       0 |   0.0 |      14 |       0 |   0.0
        D:3 |      58 |       0 |   0.0 |      10 |       0 |   0.0
        D:4 |     160 |       0 |   0.0 |      12 |       0 |   0.0
        D:5 |     354 |       0 |   0.0 |       8 |       0 |   0.0
            +---------+---------+-------+---------+---------+-------

Illustrated notes

Table legend:
 A = Kills in this place as a percentage of kills in entire the game.
 B = Kills by you in this place as a percentage of kills by you in the entire game.
 C = Kills by friends in this place as a percentage of kills by friends in the entire game.
 D = Other kills in this place as a percentage of other kills in the entire game.
 E = Experience gained in this place as a percentage of experience gained in the entire game.
 F = Experience gained in this place divided by the number of levels of this place that you have seen.
                   A       B       C       D       E      F
               +-------+-------+-------+-------+-------+----------------------
         Total | 100.0 | 100.0 |   N/A |   N/A | 100.0 | 141.4
       Dungeon | 100.0 | 100.0 |   N/A |   N/A | 100.0 | 141.4
               +-------+-------+-------+-------+-------+----------------------

Table legend: (Time is in decaauts)
 A = Elapsed time spent in this place.
 B = Non-inter-level travel time spent in this place.
 C = Inter-level travel time spent in this place.
 D = Time resting spent in this place.
 E = Time spent auto-exploring this place.
 F = Levels seen in this place.
 G = Mean time per level.
                   A        B        C        D        E       F      G
               +--------+--------+--------+--------+--------+-----+--------+
         Total |   5696 |   5416 |    280 |   2002 |   1235 |   5 | 1139.2 |
       Dungeon |   5696 |   5416 |    280 |   2002 |   1235 |   5 | 1139.2 |
               +--------+--------+--------+--------+--------+-----+--------+

Top non-repeatable levels by time:
     D:1: 1428 daAuts
     D:5: 1291 daAuts
     D:2: 1061 daAuts
     D:3: 1045 daAuts
     D:4: 869 daAuts
